 Dungeon Crawl Stone Soup version 0.27-a0-1280-g9d2d252d84 (webtiles) character file.

Game seed: 8237664667029210220

51 Glokmah the Insei (level 4, -6/32 HPs)
             Began as a Human Transmuter on June 13, 2021.
             Mangled by Sigmund (11 damage)
             ... on level 2 of the Dungeon.
             The game lasted 00:02:32 (1640 turns).

Glokmah the Insei (Human Transmuter)                Turns: 1640, Time: 00:02:32

Health: -6/32      AC:  2    Str: 11    XL:     4   Next: 5%
Magic:  5/7        EV: 19    Int: 14    God:
Gold:   123        SH:  0    Dex: 18    Spells: 1/7 levels left

rFire    . . .     SeeInvis .     - Unarmed
rCold    . . .     Faith    .   (shield currently unavailable)
rNeg     . . .     Spirit   .   (armour currently unavailable)
rPois    x         Reflect  .   (helmet currently unavailable)
rElec    .         Harm     .   (cloak currently unavailable)
rCorr    .         Rampage  .   (gloves currently unavailable)
Will     .....                  (boots currently unavailable)
Stlth    +.........             (no amulet)
HPRegen  0.10/turn              (no ring)
MPRegen  0.10/turn              (no ring)

@: confused, lethally poisoned (-6 -> -19), spider-form (expiring),
ambrosia-drunk, attractive, very slightly contaminated
A: venomous fangs, tiny
a: End Transformation


You were on level 2 of the Dungeon.
You were a venomous arachnid creature.
You visited 1 branch of the dungeon, and saw 2 of its levels.

You collected 123 gold pieces.

Inventory:

Armour
 a - a +0 robe (melded)
 h - a +0 hat (melded)
Scrolls
 b - a scroll of identify {unknown}
 d - a scroll of amnesia {unknown}
 e - a scroll of summoning {unknown}
 f - a scroll of magic mapping {unknown}
 j - a scroll of holy word {unknown}
Potions
 i - a potion of might {unknown}
 k - a potion of flight {unknown}


   Skills:
 + Level 1.4 Fighting
 + Level 2.3 Dodging
 * Level 3.5 Unarmed Combat
 + Level 2.2 Spellcasting
 * Level 2.8 Transmutations
 + Level 0.0 Poison Magic


You had one spell level left.
You knew the following spells:

 Your Spells              Type           Power      Damage    Failure   Level
a - Beastly Appendage     Tmut           18%        N/A       21%         1
b - Wereblood             Tmut           9%         N/A       26%         2
c - Spider Form           Tmut/Pois      2%         N/A       58%         3

Your spell library contained the following spells:

 Spells                   Type           Power      Damage    Failure   Level
 Ice Form                 Ice/Tmut       5%         N/A       91%         4


Dungeon Overview and Level Annotations

Branches:
Dungeon (2/15)

Altars:

Annotations:
D:2 Sigmund


Message History

Confirm with . or Enter, or press ? or * to list all spells.
The spell is quite dangerous to cast (36% risk of failure)!
Continue anyway?
You turn into a venomous arachnid creature.
Your +0 hat melds into your body.
Your +0 robe melds into your body.
You feel sick.
You feel sick.
You hear a zap.
Some rock shatters into small pieces.
Your transformation is almost over.
You feel sick.
You feel sick.
You feel sick.
You are no longer poisoned.
Sigmund barely misses you.
You hit Sigmund.
Sigmund is poisoned.
Sigmund is lightly wounded.
Sigmund barely misses you.
Sigmund hits you with a +1 scythe of venom.
You are lethally poisoned!
You barely miss Sigmund.
Sigmund is lightly wounded.
* * * LOW HITPOINT WARNING * * *
You feel very sick. Sigmund barely misses you.
Unknown command.
It was a potion of attraction.
You feel attractive to monsters.
* * * LOW HITPOINT WARNING * * *
You feel very sick. Sigmund barely misses you.
It was a potion of ambrosia.
You are confused.
You feel invigorated.
* * * LOW HITPOINT WARNING * * *
You feel very sick.
Sigmund gestures wildly while chanting.
Sigmund flickers and vanishes!
Deactivating autopickup; reactivate with Ctrl-A.
Something hits you!
You die...

.#.##.......# #..#.#
#.# #.......# #..#.#
#.. ######### #....#
##..#### # #...##
#.#.@...##.## ###.#
@......##...# #.# #.
#....#.# #.#
#.##{.#...######.#
#..s..##.........###
####.############...
#.#####.# ##.##
#....<..# #....
######### #..##
#..## #.... #.#..
#..#.


There were no monsters in sight!

Vanquished Creatures
  A dart slug (D:1)
  6 ball pythons
  2 endoplasms (D:1)
  3 giant cockroaches
  3 goblins (D:1)
  3 hobgoblins
  6 jackals (D:1)
  2 quokkas (D:1)
  5 bats
  9 frilled lizards (D:1)
  5 rats
45 creatures vanquished.

Vanquished Creatures (others)
  9 plants (D:1)
9 creatures vanquished.

Grand Total: 54 creatures vanquished

Notes
Turn   | Place    | Note
-------+----------+-------------------------------------------
     0 | D:1      | Glokmah the Human Transmuter began the quest for the Orb.
     0 | D:1      | Reached XP level 1. HP: 15/15 MP: 3/3
   161 | D:1      | Reached XP level 2. HP: 21/21 MP: 3/5
   197 | D:1      | Learned a level 2 spell: Wereblood
   535 | D:1      | Reached XP level 3. HP: 26/26 MP: 2/6
  1404 | D:2      | Reached XP level 4. HP: 32/32 MP: 3/7
  1422 | D:2      | Learned a level 3 spell: Spider Form
  1628 | D:2      | Noticed Sigmund
  1640 | D:2      | Mangled by Sigmund

Illustrated notes

Levels and vault maps discovered:
D:1:      minmay_arrival_hallway, layout_basic, serial_bayou,
          serial_bayou_shore_a, serial_bayou_pond_b, serial_bayou_lagoon_a,
          serial_bayou_pond_e, minmay_lizard_king
D:2:      layout_loops_cross, uniq_sigmund

Action                   |  1- 3 |  4- 6 || total
-------------------------+-------+-------++-------
Melee: Unarmed           |    95 |    11 ||   106
       Kick              |    17 |     1 ||    18
       Headbutt          |     7 |       ||     7
       Punch             |     1 |       ||     1
 Cast: Beastly Appendage |    22 |     1 ||    23
       Wereblood         |     6 |       ||     6
       Spider Form       |       |     1 ||     1
  Use: Potion            |       |     2 ||     2
 Stab: Sleeping          |     4 |       ||     4
Armor: Robe              |    21 |     5 ||    26
Dodge: Dodged            |    61 |    11 ||    72

Table legend: (Time is in decaauts)
 A = Elapsed time spent in this place.
 B = Non-inter-level travel time spent in this place.
 C = Inter-level travel time spent in this place.
 D = Time resting spent in this place.
 E = Time spent auto-exploring this place.
 F = Levels seen in this place.
 G = Mean time per level.
                   A        B        C        D        E       F      G
               +--------+--------+--------+--------+--------+-----+--------+
         Total |   1672 |   1548 |    124 |      0 |   1214 |   2 |  836.0 |
       Dungeon |   1672 |   1548 |    124 |      0 |   1214 |   2 |  836.0 |
               +--------+--------+--------+--------+--------+-----+--------+

Top non-repeatable levels by time:
     D:1: 1315 daAuts
     D:2: 356 daAuts
